 Dungeon Crawl Stone Soup version 0.18-a0-750-g37044d6 (webtiles) character file.

58 gorblad the Sneak (level 3, 0/27 HPs)
             Began as a Vampire Assassin on Dec 11, 2015.
             Was an Initiate of Dithmenos.
             Slain by a worm (6 damage)
             ... on level 2 of the Dungeon.
             The game lasted 00:03:20 (1484 turns).

gorblad the Sneak (Vampire Assassin)                Turns: 1484, Time: 00:03:20

Health: 0/27       AC:  4    Str: 10    XL:     3   Next: 76%
Magic:  3/3        EV: 12    Int: 13    God:    Dithmenos [......]
Gold:   111        SH:  0    Dex: 16    Spells: 0 memorised, 2 levels left

rFire  . . .     SeeInvis +     a - +3 dagger
rCold  . . .     Clarity  .     c - +1 robe
rNeg   + . .     SustAt   .     (no shield)
rPois  .         Gourm    .     (no helmet)
rElec  .         Spirit   .     d - +0 cloak
rCorr  .         Dismiss  .     (no gloves)
rMut   .         Stasis   .     (no boots)
MR     .....                    (no amulet)
Stlth  ++++......               (no ring)
                                (no ring)

@: not resistant to hostile enchantments, stealthy
A: fangs 3, see invisible, unbreathing
a: Bat Form, Renounce Religion


You were on level 2 of the Dungeon.
You worshipped Dithmenos.
Dithmenos was noncommittal.
You were not thirsty.

You visited 1 branch of the dungeon, and saw 2 of its levels.

You collected 111 gold pieces.

Inventory:

Hand Weapons
 a - a +3 dagger (weapon)
 b - a +0 blowgun
Missiles
 e - 15 poisoned needles
 f - 2 curare-tipped needles
Armour
 c - a +1 robe (worn)
 d - a +0 cloak (worn)
Jewellery
 m - an uncursed ring of wizardry
Scrolls
 h - 3 scrolls of identify
 i - a scroll of teleportation {unknown}
 j - a scroll of recharging {unknown}
 k - 2 scrolls of magic mapping {unknown}
Potions
 g - 21 potions of blood
 l - a potion of heal wounds {unknown}


   Skills:
 + Level 2.0 Fighting
 + Level 2.5 Short Blades
 - Level 1.5 Throwing
 + Level 2.0 Dodging
 + Level 7.4 Stealth


You had 2 spell levels left.
You didn't know any spells.

Dungeon Overview and Level Annotations

Branches:
Dungeon (2/15)

Altars:
Ashenzari
Cheibriados
Dithmenos


Innate Abilities, Weirdness & Mutations

You have razor-sharp teeth.
You have supernaturally acute eyesight.
You can survive without breathing.


Message History

You are too injured to fight recklessly!
You are too injured to fight recklessly!
You are too injured to fight recklessly!
You are too injured to fight recklessly!
You are too injured to fight recklessly!
You are too injured to fight recklessly!
Drink which item? (? for menu, Esc to quit)
Yummy - fresh blood!
The orc misses you.
You completely miss the orc.
The orc is severely wounded.
You hit the orc.
You kill the orc!
Dithmenos accepts your kill.
The kobold throws a stone.
The stone barely misses you. The kobold hits you but does no damage.
The worm barely misses you.
There is an open door, spattered with blood here.
Items here: )) / [ †† You hit the kobold but do no damage.
The kobold hits you but does no damage.
You closely miss the kobold. The worm bites you.
You die...

.##_##....##....# #.#
##...#######....# #.# #8...8#
###### #.# ##...# ####### #.#
###.## #.....# #.# #⌠#.## #.._..#
#.# ....⌠# #...).##########.#
#⌠#.## #..Kw.#...)....#.# ###.##
###@##########.#.# ##...## #.#
#.#.# #8...8##########.# #.#.#
##.^.##.##....##.# #.#.#
.##_##..##....##.# #.#.#
..###...##....##.##########.#.###
........##....##(#..........#.##.
..............##.#.##########.##.
........#####.##.#.##.......#.##.


You could see a worm and a kobold.

Vanquished Creatures
  A gnoll (D:2)
  2 giant geckos (D:1)
  An orc (D:2)
  2 ball pythons (D:2)
  5 bats
  2 giant cockroaches (D:1)
  2 hobgoblins (D:2)
  9 kobolds
  A quokka (D:2)
  3 giant newts
  5 goblins
  11 rats
44 creatures vanquished.

Notes
Turn   | Place    | Note
--------------------------------------------------------------
     0 | D:1      | gorblad the Vampire Assassin began the quest for the Orb.
     0 | D:1      | Reached XP level 1. HP: 16/16 MP: 1/1
    58 | D:1      | Reached skill level 6 in Stealth
   149 | D:1      | Reached XP level 2. HP: 20/22 MP: 2/2
   501 | D:1      | Reached XP level 3. HP: 27/27 MP: 3/3
   585 | D:2      | Reached skill level 7 in Stealth
   679 | D:2      | Found a shadowy altar of Dithmenos.
   679 | D:2      | Found a shattered altar of Ashenzari.
   741 | D:2      | Became a worshipper of Dithmenos the Shadowed
  1462 | D:2      | Found a snail-covered altar of Cheibriados.
  1484 | D:2      | Slain by a worm

Vault maps used:
D:1:      minmay_arrival_loop, st_stairs_6
D:2:      amethyst_overflow_temple_binary, cheibriados_altar_wand_db

Action                   || total
-------------------------++-------
Melee: Dagger            ||   114
  Use: Scroll            ||     4
       Potion            ||     1
 Stab: Sleeping          ||    16
